 Dungeon Crawl Stone Soup version 0.27-a0-906-g0a00ce863d (webtiles) character file.

Game seed: 16721382479887145820

7 Alarkh the Insei (level 1, 0/16 HPs)
             Began as a Demonspawn Gladiator on Apr 6, 2021.
             Succumbed to a kobold's poison
             ... on level 1 of the Dungeon.
             The game lasted 00:00:20 (479 turns).

Alarkh the Insei (Demonspawn Gladiator)              Turns: 479, Time: 00:00:20

Health: 0/16       AC:  4    Str: 14    XL:     1   Next: 91%
Magic:  1/1        EV: 12    Int:  9    God:
Gold:   12         SH:  0    Dex: 14    Spells: 0/0 levels left

rFire    . . .     SeeInvis .     - Unarmed
rCold    . . .     Faith    .   (no shield)
rNeg     . . .     Spirit   .   a - +0 leather armour
rPois    .         Reflect  .   b - +0 helmet
rElec    .         Harm     .   (no cloak)
rCorr    .         Rampage  .   (no gloves)
Will     .....                  (no boots)
Stlth    +.........             (no amulet)
HPRegen  0.05/turn              (no ring)
MPRegen  0.07/turn              (no ring)

@: lethally poisoned (0 -> -8)
A: no striking features
a: no special abilities


You were on level 1 of the Dungeon.
You visited 1 branch of the dungeon, and saw 1 of its levels.

You collected 12 gold pieces.

Inventory:

Missiles
 c - 3 throwing nets (quivered)
Armour
 a - a +0 leather armour (worn)
 b - a +0 helmet (worn)
Scrolls
 d - a scroll of amnesia {unknown}


   Skills:
 + Level 2.2 Fighting
 - Level 1.7 Throwing
 - Level 2.6 Dodging
 * Level 3.0 Unarmed Combat


You couldn't memorise any spells.
You didn't know any spells.
Your spell library was empty.

Dungeon Overview and Level Annotations

Branches:
Dungeon (1/15)

Altars:


Message History

Found a stone staircase leading down.
You barely miss the kobold. You hit the kobold.
The kobold is heavily wounded.
The kobold hits you with a +0 dagger of venom.
You are poisoned.
You closely miss the kobold.
The kobold is heavily wounded.
You feel sick. The kobold barely misses you.
You hit the kobold but do no damage.
The kobold is heavily wounded.
You feel sick. The kobold hits you but does no damage.
You are lethally poisoned!
You closely miss the kobold.
The kobold is heavily wounded.
You feel very sick.
The kobold hits you with a +0 dagger of venom.
You are too injured to fight recklessly!
You are too injured to fight recklessly!
You are too injured to fight recklessly!
You are too injured to fight recklessly!
You are too injured to fight recklessly!
You are too injured to fight recklessly!
You are too injured to fight recklessly!
You are too injured to fight recklessly!
You are too injured to fight recklessly!
You are too injured to fight recklessly!
You aren't carrying any potions.
You hit the kobold but do no damage.
The kobold is heavily wounded.
* * * LOW HITPOINT WARNING * * *
You feel very sick. The kobold barely misses you.
You closely miss the kobold.
The kobold is heavily wounded.
* * * LOW HITPOINT WARNING * * *
You feel sick. The kobold misses you.
You hit the kobold.
You kill the kobold!
You die...

#.#.≈...≈≈.
##≈≈≈..≈≈≈≈
.≈.≈≈#≈..####
≈≈..≈......
###.≈≈≈≈... #
.##.≈.≈≈≈≈≈♣..#
......≈≈)≈≈.#
##....@####..
#............>
##...########.
##.## ### #.#
..# #†# #.#
##'## #.#
##...## #.#
##.....##
#####.#####


There were no monsters in sight!

Vanquished Creatures
  A goblin (D:1)
  A kobold (D:1)
  2 quokkas (D:1)
  2 ball pythons (D:1)
  2 frilled lizards (D:1)
  A rat (D:1)
9 creatures vanquished.

Notes
Turn   | Place    | Note
-------+----------+-------------------------------------------
     0 | D:1      | Alarkh the Demonspawn Gladiator began the quest for the
                  | Orb.
     0 | D:1      | Reached XP level 1. HP: 16/16 MP: 1/1
   288 | D:1      | Found a faded altar of an unknown god.
   344 | D:1      | Reached skill level 3 in Unarmed Combat
   479 | D:1      | Succumbed to a kobold's poison

Illustrated notes

Levels and vault maps discovered:
D:1:      wheals_arrival_linesprint, layout_loops_corners,
          shapermc_ecumenical_altar_gd, chequers_serial_rivers_marsh,
          minmay_cupped

Skill      XL: |  1 |
---------------+----+-----
Unarmed Combat | 3 |  3.0
Fighting       | |  2.2
Throwing       | |  1.7
Dodging        | |  2.6

Action                   || total
-------------------------++-------
Melee: Unarmed           ||    38
       Punch             ||     2
Armor: Leather armour    ||     6
Dodge: Dodged            ||    26

Table legend: (Time is in decaauts)
 A = Elapsed time spent in this place.
 B = Non-inter-level travel time spent in this place.
 C = Inter-level travel time spent in this place.
 D = Time resting spent in this place.
 E = Time spent auto-exploring this place.
 F = Levels seen in this place.
 G = Mean time per level.
                   A        B        C        D        E       F      G
               +--------+--------+--------+--------+--------+-----+--------+
         Total |    477 |    477 |      0 |      0 |    413 |   1 |  477.0 |
       Dungeon |    477 |    477 |      0 |      0 |    413 |   1 |  477.0 |
               +--------+--------+--------+--------+--------+-----+--------+

Top non-repeatable levels by time:
     D:1: 477 daAuts
